 Dungeon Crawl Stone Soup version 0.29-a0-757-g358383bc75 (webtiles) character file.

Game seed: 10318559716134090456

153 crusatyr the Grave Robber (level 5, -4/35 HPs)
             Began as a Demonspawn Necromancer on June 30, 2022.
             Slain by a gnoll
             ... wielding a +3 spear
             ... led by a gnoll shaman
              (8 damage)
             ... on level 4 of the Dungeon.
             The game lasted 00:06:44 (2996 turns).

crusatyr the Grave Robber (Demonspawn Necromancer)  Turns: 2996, Time: 00:06:44

Health: -4/35      AC:  3    Str:  9    XL:     5   Next: 12%
Magic:  9/18       EV: 12    Int: 18    God:
Gold:   4          SH:  0    Dex: 15    Spells: 8/9 levels left

rFire   . . .      SeeInvis .   s - +10 war axe of Dieseit {venom, Fly rC+ MP+9 Dex+2}
rCold   + . .      Faith    .   (no shield)
rNeg    . . .      Spirit   .   a - +0 robe
rPois   .          Reflect  .   (no helmet)
rElec   .          Harm     .   (no cloak)
rCorr   .          Rampage  .   o - +0 pair of gloves
Will    +....                   (no boots)
Stlth   +++.......              (no amulet)
HPRegen 0.11/turn               f - ring of willpower
MPRegen 0.16/turn               (no ring)

@: flying
A: hooves 1, demonic magic 2
a: no special abilities


You were on level 4 of the Dungeon.
You visited 1 branch of the dungeon, and saw 4 of its levels.

You collected 79 gold pieces.
You spent 75 gold pieces at shops.

Inventory:

Hand Weapons
 l - a +0 dagger
 n - a +0 whip
 s - the +10 war axe of Dieseit (weapon) {venom, Fly rC+ MP+9 Dex+2}
   (You found it on level 3 of the Dungeon)

   It poisons the flesh of those it strikes.
   Dex:       It affects your dexterity (+2).
   rC:        It protects you from cold.
   MP:        It affects your magic capacity (+9).
   Fly:       It grants you flight.
Missiles
 e - 3 poisoned darts
Armour
 a - a +0 robe (worn)
 o - a +0 pair of gloves (worn)
Jewellery
 f - a ring of willpower (left hand)
 w - a ring of flight
 B - a ring of fire
Scrolls
 d - 2 scrolls of teleportation {unknown}
 k - a scroll of noise {unknown}
 m - a scroll of fog {unknown}
 p - 3 scrolls of identify {unknown}
 r - a scroll of vulnerability {unknown}
 u - a scroll of magic mapping {unknown}
 y - a scroll of enchant armour {unknown}
 A - a scroll of immolation {unknown}
Potions
 b - a potion of magic
 c - a potion of resistance {unknown}
 g - a potion of haste {unknown}
 h - a potion of mutation {unknown}
 i - a potion of flight {unknown}
 j - 2 potions of invisibility {unknown}
 q - 2 potions of degeneration {unknown}
 t - 2 potions of heal wounds {unknown}
 v - a potion of cancellation {unknown}
 x - a potion of lignification {unknown}
 z - a potion of curing {unknown}
 C - a potion of ambrosia {unknown}


   Skills:
 + Level 1.0 Axes
 - Level 1.7 Dodging
 * Level 3.7 Stealth
 + Level 2.9 Spellcasting
 + Level 5.1 Necromancy


You had 8 spell levels left.
You knew the following spells:

 Your Spells              Type           Power      Damage    Failure   Level
a - Necrotize             Necr           84%        1d8       1%          1

Your spell library contained the following spells:

 Spells                   Type           Power      Damage    Failure   Level
 Vampiric Draining        Necr           21%        2d7       6%          3
 Animate Dead             Necr           21%        N/A       21%         4
 Gell's Gravitas          Tloc           2%         N/A       45%         3
 Lesser Beckoning         Tloc           2%         N/A       45%         3
 Teleport Other           Tloc           2%         N/A       45%         3
 Agony                    Necr           21%        N/A       50%         5


Dungeon Overview and Level Annotations

Branches:
Dungeon (4/15)             Temple (0/1) D:4

Altars:
Okawaru

Shops:
D:3 *


Innate Abilities, Weirdness & Mutations

You have large cloven feet.
Spells you cast may paralyse nearby enemies.


Message History

The gnoll shaman calls upon its god to speed up the gnoll.
The gnoll seems to speed up.
Aiming: Necrotize (safe; 1% risk of failure)
Press: ? - help, Q - select action, (/) - cycle Shift-Dir - straight line, f - you
Okay, then.
The gnoll shaman hits your gnoll skeleton with a +0 whip!
Your gnoll skeleton barely misses the gnoll shaman.
The gnoll shaman hits your gnoll skeleton with a +0 whip!
Your gnoll skeleton is destroyed!
Aiming: Necrotize (safe; 1% risk of failure)
Press: ? - help, Q - select action, (/) - cycle Shift-Dir - straight line, f - gnoll
Aim: a gnoll, wielding a +3 spear (chance to affect: 85%)
The gnoll writhes in agony.
Malevolent energies surge around you.
The gnoll shouts!
Aiming: Necrotize (safe; 1% risk of failure)
Press: ? - help, Q - select action, (/) - cycle Shift-Dir - straight line, f/p - gnoll
Aim: a gnoll, wielding a +3 spear (severely wounded, chance to affect: 85%)
The gnoll writhes in agony.
Malevolent energies surge around you.
The gnoll suddenly stops moving!
Aiming: Necrotize (safe; 1% risk of failure)
Press: ? - help, Q - select action, (/) - cycle Shift-Dir - straight line, f/p - gnoll
Aim: a gnoll, wielding a +3 spear (almost dead, paralysed, chance to affect: 85%)
The gnoll writhes in agony.
Malevolent energies surge around you.
The gnoll shaman suddenly stops moving!
The gnoll closely misses you.
The gnoll is no longer paralysed.
The gnoll misses you. The gnoll attacks as you move away!
The gnoll closely misses you. The gnoll attacks as you move away!
The gnoll hits you with a +0 flail.
The gnoll shaman is no longer paralysed.
The gnoll hits you with a +0 flail! The gnoll hits you with a +0 flail.
The gnoll attacks as you move away! The gnoll closely misses you.
The gnoll attacks as you move away! The gnoll hits you with a +0 flail!
* * * LOW HITPOINT WARNING * * *
The gnoll hits you but does no damage.
You barely miss the gnoll. You kick the gnoll.
The gnoll is moderately wounded.
The gnoll barely misses you.
The gnoll hits you from afar with a +3 spear!
You die...

..##.. ....# . ##.).(#
....# .. ..#..#### ....#
>..##........ ....#
..#........### ....##.
##.....g.... .......
#.....###g####...####
.#.#.###....gggg@.......
........(#....###.#####.
g.#.###)####..## .# #.#
#...##.# . ..#
##.....#..# .###
####......# .#
#..<......# ..
#..##.###.... ## ....
..# ###.


You could see a gnoll shaman and 4 gnolls.

Vanquished Creatures
  Natasha (thrice) (D:3)
  A gnoll (D:4)
  3 dart slugs (D:1)
  An orc (D:3)
  2 ball pythons
  2 bats
  7 endoplasms
  3 giant cockroaches
  4 goblins
  2 hobgoblins
  3 jackals (D:3)
  3 quokkas (D:2)
  5 frilled lizards
  6 kobolds
  5 rats
50 creatures vanquished.

Vanquished Creatures (collateral kills)
  An adder (D:2)
1 creature vanquished.

Vanquished Creatures (others)
  6 plants (D:2)
6 creatures vanquished.

Grand Total: 57 creatures vanquished

Notes
Turn   | Place    | Note
-------+----------+-------------------------------------------
     0 | D:1      | crusatyr the Demonspawn Necromancer began the quest for the
                  | Orb.
     0 | D:1      | Reached XP level 1. HP: 13/13 MP: 3/3
   274 | D:1      | Gained mutation: Spells you cast may paralyse adjacent
                  | enemies. [demonic ancestry]
   274 | D:1      | Reached XP level 2. HP: 13/19 MP: 1/5
   903 | D:1      | Found a faded altar of an unknown god.
   903 | D:1      | Noticed a sun demon
  1263 | D:2      | Gained mutation: You have large cloven feet. [demonic
                  | ancestry]
  1263 | D:2      | Reached XP level 3. HP: 24/24 MP: 4/6
  1616 | D:2      | Found an iron altar of Okawaru.
  1862 | D:3      | Identified the +10 war axe of Dieseit {venom, Fly rC+ MP+9
                  | Dex+2}
  2221 | D:3      | Found Totoqieh's Assorted Antiques.
  2229 | D:3      | Bought a bubbling ruby potion for 24 gold pieces
  2229 | D:3      | Bought a scroll labelled SOGUDU NONN for 27 gold pieces
  2229 | D:3      | Bought a ruby potion for 24 gold pieces
  2365 | D:3      | Noticed Natasha
  2374 | D:3      | Killed Natasha
  2375 | D:3      | Reached XP level 4. HP: 30/30 MP: 7/8
  2414 | D:3      | Noticed Natasha
  2418 | D:3      | Killed Natasha
  2419 | D:3      | Reached skill level 5 in Necromancy
  2866 | D:3      | Found Totoqieh's Assorted Antiques.
  2914 | D:3      | Noticed Natasha
  2918 | D:3      | Killed Natasha
  2919 | D:3      | Reached skill level 1 in Axes
  2919 | D:3      | Gained mutation: Spells you cast may paralyse nearby
                  | enemies. [demonic ancestry]
  2919 | D:3      | Reached XP level 5. HP: 30/35 MP: 9/9
  2970 | D:4      | Found a staircase to the Ecumenical Temple.
  2996 | D:4      | Slain by a gnoll

Illustrated notes

Levels and vault maps discovered:
D:1:      dpeg_arrival_erosion, layout_basic,
          dreamdust_ecumenical_altar_sealed_demon, minmay_pentomino_q4
D:2:      layout_rooms, basic_altar, lexackson_kobold_supper
D:3:      layout_basic, serial_shops, nicolae_shop_overgrown_old_shop,
          uniq_natasha
D:4:      layout_rooms, minmay_temple_entry_slanted

Skill      XL: |  1  2  3  4 |
---------------+-------------+-----
Stealth        | 2 3 |  3.7
Necromancy     | 5 |  5.1
Axes           | 1 |  1.0
Dodging        | |  1.7
Spellcasting   | |  2.9

Action                   |  1- 3 |  4- 6 || total
-------------------------+-------+-------++-------
Melee: Unarmed           |    11 |       ||    11
       Short sword       |    15 |       ||    15
       Dagger            |     9 |       ||     9
       Whip              |     7 |       ||     7
       Kick              |     2 |     1 ||     3
       War axe           |     1 |     5 ||     6
       Punch             |     1 |       ||     1
 Cast: Necrotize         |    63 |    12 ||    75
 Stab: Paralysed         |     3 |       ||     3
Armor: Robe              |    12 |     1 ||    13
Dodge: Dodged            |    24 |     8 ||    32

Table legend: (Time is in decaauts)
 A = Elapsed time spent in this place.
 B = Non-inter-level travel time spent in this place.
 C = Inter-level travel time spent in this place.
 D = Time resting spent in this place.
 E = Time spent auto-exploring this place.
 F = Levels seen in this place.
 G = Mean time per level.
                   A        B        C        D        E       F      G
               +--------+--------+--------+--------+--------+-----+--------+
         Total |   2997 |   2857 |    140 |      0 |   2477 |   4 |  749.2 |
       Dungeon |   2997 |   2857 |    140 |      0 |   2477 |   4 |  749.2 |
               +--------+--------+--------+--------+--------+-----+--------+

Top non-repeatable levels by time:
     D:3: 1118 daAuts
     D:1: 1080 daAuts
     D:2: 755 daAuts
     D:4: 43 daAuts
